Avalanche vs Predators

Created - October 11 2011 at 17:19

Goals
1 2 3 T
Avalanche 0 1 0 1
Predators 1 0 1 2
Shots
1 2 3 T
Avalanche 10 12 10 32
Predators 16 7 11 34

Period #1

1. Predators , Steven Stamkos 2 (Jeff Carter, Brent Burns) at 14:01 (PP)

Penalties :
T.J. Galiardi (NSH) for Holding (Minor) at 0:21, Daniel Briere (COL) for Hooking (Minor) at 2:13, Steven Stamkos (NSH) for Holding (Minor) at 4:22, Shea Weber (NSH) for Interference (Minor) at 5:25, Braydon Coburn (NSH) for High sticking (Minor) at 8:21, Vinny Prospal (COL) for Cross-checking (Minor) at 12:47, Kevin Klein (COL) for Hooking (Minor) at 15:12

Period #2

2. Avalanche , Milan Hejduk 1 (Mike Knuble, John Carlson) at 10:48 (PP)

Penalties :
Brent Burns (NSH) for Tripping (Minor) at 2:10, Shea Weber (NSH) for Hooking (Minor) at 10:23, Brent Burns (NSH) for Roughing (Minor) at 14:09, Patric Hornqvist (NSH) for Holding (Minor) at 19:00

Period #3

3. Predators , Jeff Carter 2 (Steven Stamkos, Braydon Coburn) at 5:03

Penalties :
Patric Hornqvist (NSH) for Hooking (Minor) at 9:14, Max Pacioretty (NSH) for High sticking (Minor) at 11:36

Goalie Stats

Antti Niemi (COL), 32 saves from 34 shots - (0.941), L, 1-2-0, 59:52 minutes
Pekka Rinne (NSH), 31 saves from 32 shots - (0.969), W, 2-1-0, 60:00 minutes

Players Stats

Avalanche
Player Name              G  A  P  +/- PIM S  H  SB FO    MP 
------------------------------------------------------------
Bryan Bickell            0  0  0   0  0   1  2  0  0/1   8  
Daniel Briere            0  0  0   0  2   4  0  0  13/29 21 
Derek Stepan             0  0  0  -1  0   2  0  0  9/21  14 
Jason Demers             0  0  0   0  0   1  0  0  0/0   15 
John Carlson             0  1  1   0  0   2  0  0  0/0   20 
Justin Abdelkader        0  0  0  -1  0   1  2  0  1/3   10 
Kevin Klein              0  0  0   0  2   1  2  2  0/0   19 
Kevin Shattenkirk        0  0  0   0  0   2  0  2  0/0   23 
Michael Sauer            0  0  0  -1  0   0  0  0  0/0   21 
Mike Knuble              0  1  1  -1  0   3  1  0  0/0   21 
Milan Hejduk             1  0  1   0  0   2  1  0  0/2   19 
Olli Jokinen             0  0  0   0  0   1  2  0  15/28 18 
Paul Mara                0  0  0  -1  0   0  0  1  0/0   14 
Shawn Horcoff            0  0  0   0  0   1  0  0  4/9   8  
T.J. Oshie               0  0  0   0  0   3  3  0  0/0   18 
Teemu Selanne            0  0  0   0  0   4  0  0  0/2   18 
Tomas Kopecky            0  0  0   0  0   2  0  0  2/2   11 
Vinny Prospal            0  0  0   0  2   2  2  0  2/2   19 
Predators
Player Name              G  A  P  +/- PIM S  H  SB FO    MP 
------------------------------------------------------------
Braydon Coburn           0  1  1   1  2   0  1  0  0/0   19 
Brent Burns              0  1  1   1  4   0  6  2  0/0   20 
Cody Franson             0  0  0   0  0   1  1  1  0/0   14 
Jeff Carter              1  1  2   1  0   7  1  0  1/1   22 
Jeff Petry               0  0  0   0  0   0  0  0  0/0   1  
Jeff Woywitka            0  0  0   0  0   0  1  2  0/0   3  
Marian Gaborik           0  0  0   0  0   2  2  0  0/3   17 
Max Pacioretty           0  0  0   1  2   2  3  0  0/1   14 
Milan Michalek           0  0  0   0  0   2  1  0  0/1   19 
Patric Hornqvist         0  0  0   0  4   5  2  0  1/1   17 
Paul Gaustad             0  0  0   0  0   0  2  0  22/34 20 
Shea Weber               0  0  0   0  4   2  4  3  0/0   22 
Simon Gagne              0  0  0   0  0   2  0  0  0/0   11 
Steven Stamkos           1  1  2   1  2   7  1  0  14/30 17 
T.J. Galiardi            0  0  0   0  2   1  1  1  12/23 19 
Tomas Kaberle            0  0  0   0  0   2  1  3  0/0   23 
Wayne Simmonds           0  0  0   0  0   0  0  0  3/5   8  
Zbynek Michalek          0  0  0   0  0   1  0  0  0/0   17 

3 Stars

1 - Pekka Rinne (NSH)
2 - Jeff Carter (NSH)
3 - Steven Stamkos (NSH)

Power Play

Avalanche - 1 on 10 Attempt(s) - 10.00%
Predators - 1 on 3 Attempt(s) - 33.33%

Penalty Kill

Avalanche - 2 on 3 Attempt(s) - 66.67% - Score 0 goal in Penalty Kill
Predators - 9 on 10 Attempt(s) - 90.00% - Score 0 goal in Penalty Kill

Game Notes

No Game Note

Finance

Level 1 -- Attendance: 6500 (100.00%) -- Ticket Income $520,000.00
Level 2 -- Attendance: 4381 (87.62%) -- Ticket Income $227,812.00
Level 3 -- Attendance: 3320 (94.86%) -- Ticket Income $99,600.00
Level 4 -- Attendance: 1113 (100.00%) -- Ticket Income $22,260.00
Luxury Box -- Attendance: 1000 (100.00%) -- Ticket Income $135,000.00
Game was played at the Bridgestone Arena
Total Attendance: 16314 (95.33%)
Total Ticket Income: $1,031,297.00
Other Income: $201,384.00
Total Income: $1,232,681.00


Play by Play

Period #1

0:01 of 1st period - T.J. Galiardi wins face-off versus Olli Jokinen in neutral zone.
0:04 of 1st period - Shot by Marian Gaborik.
0:04 of 1st period - Deflect By Patric Hornqvist.
0:04 of 1st period - Stopped by Antti Niemi without a rebound.
0:05 of 1st period - Daniel Briere wins face-off versus Steven Stamkos in Avalanche zone.
0:14 of 1st period - Shot by Max Pacioretty.
0:14 of 1st period - Stopped by Antti Niemi with a rebound.
0:17 of 1st period - Icing by John Carlson.
0:18 of 1st period - Daniel Briere wins face-off versus T.J. Galiardi in Avalanche zone.
0:18 of 1st period - John Carlson is hit by Marian Gaborik.
0:21 of 1st period - Minor Penalty to T.J. Galiardi for Holding.
0:22 of 1st period - Olli Jokinen wins face-off versus Wayne Simmonds in Predators zone.
1:24 of 1st period - Shot by T.J. Oshie.
1:24 of 1st period - Shot Blocked by Tomas Kaberle.
1:26 of 1st period - Shot by Teemu Selanne.
1:26 of 1st period - Stopped by Pekka Rinne with a rebound.
1:28 of 1st period - Shot by Daniel Briere.
1:28 of 1st period - Shot Misses the Net.
1:30 of 1st period - Shot by Teemu Selanne.
1:30 of 1st period - Shot Misses the Net.
1:32 of 1st period - Shot by Kevin Shattenkirk.
1:32 of 1st period - Shot Blocked by Brent Burns.
1:34 of 1st period - Shot by Daniel Briere.
1:34 of 1st period - Shot Blocked by Brent Burns.
1:36 of 1st period - Shot by Kevin Shattenkirk.
1:36 of 1st period - Shot Blocked by Tomas Kaberle.
1:38 of 1st period - Shot by Teemu Selanne.
1:38 of 1st period - Shot Misses the Net.
1:42 of 1st period - Shot by Daniel Briere.
1:42 of 1st period - Stopped by Pekka Rinne with a rebound.
1:54 of 1st period - Jeff Carter is hit by T.J. Oshie and loses puck.
2:13 of 1st period - Minor Penalty to Daniel Briere for Hooking.
2:14 of 1st period - Steven Stamkos wins face-off versus Milan Hejduk in Avalanche zone.
3:08 of 1st period - Icing by Tomas Kaberle.
3:09 of 1st period - Paul Gaustad wins face-off versus Olli Jokinen in Predators zone.
4:04 of 1st period - Kevin Klein is hit by Max Pacioretty and loses puck.
4:22 of 1st period - Minor Penalty to Steven Stamkos for Holding.
4:23 of 1st period - Paul Gaustad wins face-off versus Teemu Selanne in Predators zone.
4:59 of 1st period - Shot by Kevin Shattenkirk.
4:59 of 1st period - Stopped by Pekka Rinne without a rebound.
5:00 of 1st period - Olli Jokinen wins face-off versus Paul Gaustad in Predators zone.
5:23 of 1st period - Shea Weber is hit by Mike Knuble and loses puck.
5:25 of 1st period - Minor Penalty to Shea Weber for Interference.
5:26 of 1st period - Daniel Briere wins face-off versus T.J. Galiardi in Predators zone.
5:27 of 1st period - Shot by T.J. Oshie.
5:27 of 1st period - Stopped by Pekka Rinne without a rebound.
5:28 of 1st period - Paul Gaustad wins face-off versus Daniel Briere in Predators zone.
5:43 of 1st period - Shot by Teemu Selanne.
5:43 of 1st period - Shot Hit the Post.
5:45 of 1st period - Shot by Daniel Briere.
5:45 of 1st period - Deflect By T.J. Oshie.
5:45 of 1st period - Shot Blocked by Jeff Woywitka.
5:49 of 1st period - Shot by Daniel Briere.
5:49 of 1st period - Shot Misses the Net.
5:51 of 1st period - Shot by Kevin Shattenkirk.
5:51 of 1st period - Shot Blocked by Jeff Woywitka.
5:53 of 1st period - Shot by Kevin Shattenkirk.
5:53 of 1st period - Shot Blocked by T.J. Galiardi.
5:55 of 1st period - Shot by Daniel Briere.
5:55 of 1st period - Shot Misses the Net.
5:57 of 1st period - Shot by Kevin Shattenkirk.
5:57 of 1st period - Shot Blocked by Tomas Kaberle.
6:11 of 1st period - Shot by Mike Knuble.
6:11 of 1st period - Stopped by Pekka Rinne without a rebound.
6:12 of 1st period - Paul Gaustad wins face-off versus Olli Jokinen in Predators zone.
7:07 of 1st period - Shot by Daniel Briere.
7:07 of 1st period - Shot Misses the Net.
7:09 of 1st period - Shot by Teemu Selanne.
7:09 of 1st period - Shot Misses the Net.
7:11 of 1st period - Shot by Daniel Briere.
7:11 of 1st period - Deflect By T.J. Oshie.
7:11 of 1st period - Stopped by Pekka Rinne without a rebound.
7:12 of 1st period - Wayne Simmonds wins face-off versus Olli Jokinen in Predators zone.
7:47 of 1st period - Shot by Shawn Horcoff.
7:47 of 1st period - Stopped by Pekka Rinne with a rebound.
8:09 of 1st period - Braydon Coburn is hit by Bryan Bickell.
8:20 of 1st period - Mike Knuble is hit by Brent Burns and loses puck.
8:21 of 1st period - Minor Penalty to Braydon Coburn for High sticking.
8:22 of 1st period - Paul Gaustad wins face-off versus Daniel Briere in Predators zone.
8:51 of 1st period - Shot by Vinny Prospal.
8:51 of 1st period - Stopped by Pekka Rinne without a rebound.
8:52 of 1st period - Olli Jokinen wins face-off versus Paul Gaustad in Predators zone.
9:05 of 1st period - Shot by Mike Knuble.
9:05 of 1st period - Stopped by Pekka Rinne without a rebound.
9:06 of 1st period - Wayne Simmonds wins face-off versus Olli Jokinen in Predators zone.
10:02 of 1st period - Milan Michalek is hit by T.J. Oshie and loses puck.
10:42 of 1st period - Shot by Marian Gaborik.
10:42 of 1st period - Shot Misses the Net.
10:44 of 1st period - Shot by Cody Franson.
10:44 of 1st period - Stopped by Antti Niemi without a rebound.
10:45 of 1st period - Steven Stamkos wins face-off versus Derek Stepan in Avalanche zone.
10:52 of 1st period - Shot by Jeff Carter.
10:52 of 1st period - Stopped by Antti Niemi without a rebound.
10:53 of 1st period - Steven Stamkos wins face-off versus Derek Stepan in Avalanche zone.
11:00 of 1st period - Shot by Steven Stamkos.
11:00 of 1st period - Stopped by Antti Niemi without a rebound.
11:01 of 1st period - Daniel Briere wins face-off versus Steven Stamkos in Avalanche zone.
11:18 of 1st period - Shot by Steven Stamkos.
11:18 of 1st period - Stopped by Antti Niemi without a rebound.
11:19 of 1st period - Shawn Horcoff wins face-off versus T.J. Galiardi in Avalanche zone.
11:31 of 1st period - Icing by Shea Weber.
11:32 of 1st period - Derek Stepan wins face-off versus T.J. Galiardi in Predators zone.
11:51 of 1st period - Shot by Marian Gaborik.
11:51 of 1st period - Stopped by Antti Niemi without a rebound.
11:52 of 1st period - Steven Stamkos wins face-off versus Olli Jokinen in Avalanche zone.
12:47 of 1st period - Minor Penalty to Vinny Prospal for Cross-checking.
12:48 of 1st period - Paul Gaustad wins face-off versus Derek Stepan in Avalanche zone.
13:01 of 1st period - Shot by Tomas Kaberle.
13:01 of 1st period - Stopped by Antti Niemi without a rebound.
13:02 of 1st period - Paul Gaustad wins face-off versus Derek Stepan in Avalanche zone.
13:13 of 1st period - Shot by Patric Hornqvist.
13:13 of 1st period - Stopped by Antti Niemi without a rebound.
13:14 of 1st period - Olli Jokinen wins face-off versus Paul Gaustad in Avalanche zone.
13:55 of 1st period - Shot by Jeff Carter.
13:55 of 1st period - Shot Misses the Net.
13:57 of 1st period - Shot by Steven Stamkos.
13:57 of 1st period - Shot Blocked by Paul Mara.
14:01 of 1st period - Shot by Steven Stamkos.
14:01 of 1st period - Goal by Steven Stamkos - Avalanche : 0 - Predators : 1.
14:02 of 1st period - Vinny Prospal wins face-off versus Steven Stamkos in neutral zone.
14:15 of 1st period - Shot by Daniel Briere.
14:15 of 1st period - Shot Misses the Net.
14:17 of 1st period - Shot by Jason Demers.
14:17 of 1st period - Stopped by Pekka Rinne without a rebound.
14:18 of 1st period - Steven Stamkos wins face-off versus Teemu Selanne in Predators zone.
15:08 of 1st period - Shot by Marian Gaborik.
15:08 of 1st period - Shot Misses the Net.
15:12 of 1st period - Minor Penalty to Kevin Klein for Hooking.
15:13 of 1st period - Derek Stepan wins face-off versus Paul Gaustad in Avalanche zone.
15:19 of 1st period - Icing by Paul Gaustad.
15:20 of 1st period - Paul Gaustad wins face-off versus Derek Stepan in Predators zone.
16:07 of 1st period - Shot by Jeff Carter.
16:07 of 1st period - Stopped by Antti Niemi without a rebound.
16:08 of 1st period - Steven Stamkos wins face-off versus Derek Stepan in Avalanche zone.
16:17 of 1st period - Shot by Jeff Carter.
16:17 of 1st period - Shot Misses the Net.
16:19 of 1st period - Shot by Simon Gagne.
16:19 of 1st period - Stopped by Antti Niemi without a rebound.
16:20 of 1st period - Wayne Simmonds wins face-off versus Olli Jokinen in Avalanche zone.
16:31 of 1st period - Shot by Max Pacioretty.
16:31 of 1st period - Shot Misses the Net.
16:33 of 1st period - Shot by Simon Gagne.
16:33 of 1st period - Shot Misses the Net.
16:35 of 1st period - Shot by Simon Gagne.
16:35 of 1st period - Shot Misses the Net.
16:37 of 1st period - Shot by Max Pacioretty.
16:37 of 1st period - Stopped by Antti Niemi without a rebound.
16:38 of 1st period - Paul Gaustad wins face-off versus Derek Stepan in Avalanche zone.
17:01 of 1st period - Shot by Marian Gaborik.
17:01 of 1st period - Stopped by Antti Niemi without a rebound.
17:02 of 1st period - Tomas Kopecky wins face-off versus Steven Stamkos in Avalanche zone.
17:21 of 1st period - Shot by Milan Michalek.
17:21 of 1st period - Stopped by Antti Niemi without a rebound.
17:22 of 1st period - Shawn Horcoff wins face-off versus Paul Gaustad in Avalanche zone.
17:37 of 1st period - Icing by Simon Gagne.
17:38 of 1st period - Paul Gaustad wins face-off versus Daniel Briere in Predators zone.
18:35 of 1st period - Icing by Max Pacioretty.
18:36 of 1st period - Olli Jokinen wins face-off versus Steven Stamkos in Predators zone.
18:37 of 1st period - Shot by Teemu Selanne.
18:37 of 1st period - Shot Misses the Net.
19:05 of 1st period - Shot by Jeff Carter.
19:05 of 1st period - Shot Blocked by Kevin Klein.
19:07 of 1st period - Shot by Jeff Carter.
19:07 of 1st period - Stopped by Antti Niemi without a rebound.
19:08 of 1st period - Derek Stepan wins face-off versus Marian Gaborik in Avalanche zone.
19:25 of 1st period - Shea Weber is hit by Justin Abdelkader and loses puck.
19:44 of 1st period - Cody Franson is hit by Justin Abdelkader and loses puck.

Period #2

0:01 of 2nd period - T.J. Galiardi wins face-off versus Olli Jokinen in neutral zone.
1:06 of 2nd period - Shot by Steven Stamkos.
1:06 of 2nd period - Shot Misses the Net.
1:19 of 2nd period - Shot by Jeff Carter.
1:19 of 2nd period - Stopped by Antti Niemi without a rebound.
1:20 of 2nd period - Paul Gaustad wins face-off versus Derek Stepan in Avalanche zone.
1:23 of 2nd period - Shot by Simon Gagne.
1:23 of 2nd period - Stopped by Antti Niemi without a rebound.
1:24 of 2nd period - Derek Stepan wins face-off versus Paul Gaustad in Avalanche zone.
1:24 of 2nd period - Derek Stepan is hit by Paul Gaustad.
1:56 of 2nd period - Shot by Tomas Kaberle.
1:56 of 2nd period - Stopped by Antti Niemi without a rebound.
1:57 of 2nd period - Tomas Kopecky wins face-off versus Steven Stamkos in Avalanche zone.
1:57 of 2nd period - Tomas Kopecky is hit by Max Pacioretty.
2:10 of 2nd period - Minor Penalty to Brent Burns for Tripping.
2:11 of 2nd period - Daniel Briere wins face-off versus Paul Gaustad in Predators zone.
2:16 of 2nd period - Shot by Vinny Prospal.
2:16 of 2nd period - Shot Misses the Net.
4:23 of 2nd period - Shot by Steven Stamkos.
4:23 of 2nd period - Shot Misses the Net.
4:27 of 2nd period - Shot by Steven Stamkos.
4:27 of 2nd period - Shot Blocked by Kevin Shattenkirk.
4:36 of 2nd period - Shawn Horcoff is hit by Brent Burns and loses puck.
5:09 of 2nd period - Shot by Patric Hornqvist.
5:09 of 2nd period - Shot Misses the Net.
5:13 of 2nd period - Shot by Patric Hornqvist.
5:13 of 2nd period - Stopped by Antti Niemi without a rebound.
5:14 of 2nd period - Daniel Briere wins face-off versus Steven Stamkos in Avalanche zone.
5:31 of 2nd period - Daniel Briere is hit by Tomas Kaberle and loses puck.
5:37 of 2nd period - Off-side.
5:38 of 2nd period - Paul Gaustad wins face-off versus Derek Stepan in neutral zone.
6:11 of 2nd period - Shot by Derek Stepan.
6:11 of 2nd period - Stopped by Pekka Rinne without a rebound.
6:12 of 2nd period - Daniel Briere wins face-off versus Marian Gaborik in Predators zone.
6:28 of 2nd period - Shot by Vinny Prospal.
6:28 of 2nd period - Stopped by Pekka Rinne with a rebound.
6:38 of 2nd period - Daniel Briere is hit by Patric Hornqvist and loses puck.
6:47 of 2nd period - Icing by Marian Gaborik.
6:48 of 2nd period - Olli Jokinen wins face-off versus T.J. Galiardi in Predators zone.
6:59 of 2nd period - Paul Mara is hit by Marian Gaborik.
7:14 of 2nd period - Shot by T.J. Oshie.
7:14 of 2nd period - Shot Blocked by Cody Franson.
7:18 of 2nd period - Shot by T.J. Oshie.
7:18 of 2nd period - Stopped by Pekka Rinne without a rebound.
7:19 of 2nd period - Steven Stamkos wins face-off versus Shawn Horcoff in Predators zone.
7:26 of 2nd period - Icing by Kevin Klein.
7:27 of 2nd period - Jeff Carter wins face-off versus Shawn Horcoff in Avalanche zone.
7:32 of 2nd period - Shot by Steven Stamkos.
7:32 of 2nd period - Stopped by Antti Niemi without a rebound.
7:33 of 2nd period - Derek Stepan wins face-off versus Steven Stamkos in Avalanche zone.
7:51 of 2nd period - Shot by Mike Knuble.
7:51 of 2nd period - Stopped by Pekka Rinne without a rebound.
7:52 of 2nd period - Paul Gaustad wins face-off versus Daniel Briere in Predators zone.
7:52 of 2nd period - Paul Gaustad is hit by Vinny Prospal.
8:35 of 2nd period - Jason Demers is hit by Paul Gaustad and loses puck.
8:57 of 2nd period - Icing by Teemu Selanne.
8:58 of 2nd period - Steven Stamkos wins face-off versus Olli Jokinen in Avalanche zone.
9:04 of 2nd period - Icing by Kevin Shattenkirk.
9:05 of 2nd period - Steven Stamkos wins face-off versus Olli Jokinen in Avalanche zone.
9:20 of 2nd period - Shot by Jeff Carter.
9:20 of 2nd period - Shot Blocked by Kevin Shattenkirk.
9:26 of 2nd period - Shot by Steven Stamkos.
9:26 of 2nd period - Shot Misses the Net.
10:19 of 2nd period - Mike Knuble is hit by Shea Weber and loses puck.
10:23 of 2nd period - Minor Penalty to Shea Weber for Hooking.
10:24 of 2nd period - T.J. Galiardi wins face-off versus Daniel Briere in Predators zone.
10:40 of 2nd period - Shot by Milan Hejduk.
10:40 of 2nd period - Shot Misses the Net.
10:48 of 2nd period - Shot by Mike Knuble.
10:48 of 2nd period - Deflect By Milan Hejduk.
10:48 of 2nd period - Goal by Milan Hejduk - Avalanche : 1 - Predators : 1.
10:49 of 2nd period - Steven Stamkos wins face-off versus Shawn Horcoff in neutral zone.
10:49 of 2nd period - Steven Stamkos is hit by Bryan Bickell.
10:56 of 2nd period - Icing by Kevin Shattenkirk.
10:57 of 2nd period - Shawn Horcoff wins face-off versus T.J. Galiardi in Avalanche zone.
10:57 of 2nd period - Shawn Horcoff is hit by T.J. Galiardi.
11:06 of 2nd period - Shawn Horcoff is hit by Cody Franson and loses puck.
11:11 of 2nd period - Shot by Kevin Shattenkirk.
11:11 of 2nd period - Shot Blocked by Shea Weber.
11:52 of 2nd period - Shot by John Carlson.
11:52 of 2nd period - Stopped by Pekka Rinne without a rebound.
11:53 of 2nd period - Derek Stepan wins face-off versus Milan Michalek in Predators zone.
11:57 of 2nd period - Icing by Tomas Kaberle.
11:58 of 2nd period - Paul Gaustad wins face-off versus Derek Stepan in Predators zone.
12:22 of 2nd period - Shot by Mike Knuble.
12:22 of 2nd period - Shot Misses the Net.
12:34 of 2nd period - Shot by Mike Knuble.
12:34 of 2nd period - Shot Misses the Net.
12:36 of 2nd period - Shot by Derek Stepan.
12:36 of 2nd period - Shot Misses the Net.
13:00 of 2nd period - Shot by Milan Hejduk.
13:00 of 2nd period - Stopped by Pekka Rinne without a rebound.
13:01 of 2nd period - Olli Jokinen wins face-off versus Steven Stamkos in Predators zone.
13:01 of 2nd period - Teemu Selanne is hit by Brent Burns and loses puck.
13:09 of 2nd period - Off-side.
13:10 of 2nd period - T.J. Galiardi wins face-off versus Shawn Horcoff in neutral zone.
13:30 of 2nd period - T.J. Galiardi is hit by Kevin Klein and loses puck.
13:41 of 2nd period - Shot by Shawn Horcoff.
13:41 of 2nd period - Shot Hit the Post.
13:43 of 2nd period - Shot by Tomas Kopecky.
13:43 of 2nd period - Stopped by Pekka Rinne with a rebound.
13:45 of 2nd period - Shot by Kevin Klein.
13:45 of 2nd period - Stopped by Pekka Rinne without a rebound.
13:46 of 2nd period - Steven Stamkos wins face-off versus Daniel Briere in Predators zone.
13:54 of 2nd period - Shot by Steven Stamkos.
13:54 of 2nd period - Shot Misses the Net.
13:56 of 2nd period - Shot by Steven Stamkos.
13:56 of 2nd period - Stopped by Antti Niemi without a rebound.
13:57 of 2nd period - Justin Abdelkader wins face-off versus Steven Stamkos in Avalanche zone.
13:57 of 2nd period - Justin Abdelkader is hit by Jeff Carter.
14:08 of 2nd period - Paul Mara is hit by Brent Burns.
14:09 of 2nd period - Minor Penalty to Brent Burns for Roughing.
14:10 of 2nd period - Paul Gaustad wins face-off versus Olli Jokinen in Predators zone.
14:10 of 2nd period - Paul Gaustad is hit by Olli Jokinen.
14:52 of 2nd period - Icing by John Carlson.
14:53 of 2nd period - T.J. Galiardi wins face-off versus Milan Hejduk in Avalanche zone.
15:29 of 2nd period - Shot by Kevin Shattenkirk.
15:29 of 2nd period - Shot Blocked by Shea Weber.
15:35 of 2nd period - Shot by Teemu Selanne.
15:35 of 2nd period - Stopped by Pekka Rinne without a rebound.
15:36 of 2nd period - Paul Gaustad wins face-off versus Daniel Briere in Predators zone.
15:42 of 2nd period - Icing by Kevin Shattenkirk.
15:43 of 2nd period - Paul Gaustad wins face-off versus Daniel Briere in Avalanche zone.
16:28 of 2nd period - Shot by Tomas Kopecky.
16:28 of 2nd period - Stopped by Pekka Rinne with a rebound.
16:39 of 2nd period - Steven Stamkos is hit by Kevin Klein and loses puck.
16:49 of 2nd period - Tomas Kopecky is hit by Patric Hornqvist and loses puck.
17:01 of 2nd period - Tomas Kopecky is hit by Shea Weber and loses puck.
17:05 of 2nd period - Icing by Shea Weber.
17:06 of 2nd period - Derek Stepan wins face-off versus T.J. Galiardi in Predators zone.
17:21 of 2nd period - Shot by T.J. Galiardi.
17:21 of 2nd period - Stopped by Antti Niemi without a rebound.
17:22 of 2nd period - Daniel Briere wins face-off versus Paul Gaustad in Avalanche zone.
17:37 of 2nd period - Paul Gaustad is hit by Milan Hejduk and loses puck.
17:49 of 2nd period - Icing by Zbynek Michalek.
17:50 of 2nd period - Paul Gaustad wins face-off versus Derek Stepan in Predators zone.
17:55 of 2nd period - Shot by Mike Knuble.
17:55 of 2nd period - Shot Misses the Net.
18:05 of 2nd period - Shot by Zbynek Michalek.
18:05 of 2nd period - Shot Misses the Net.
18:07 of 2nd period - Shot by Paul Gaustad.
18:07 of 2nd period - Deflect By Simon Gagne.
18:07 of 2nd period - Shot Hit the Post.
18:09 of 2nd period - Shot by Zbynek Michalek.
18:09 of 2nd period - Shot Misses the Net.
19:00 of 2nd period - Minor Penalty to Patric Hornqvist for Holding.
19:01 of 2nd period - Daniel Briere wins face-off versus T.J. Galiardi in Predators zone.
19:04 of 2nd period - Shot by Teemu Selanne.
19:04 of 2nd period - Shot Misses the Net.
19:06 of 2nd period - Shot by T.J. Oshie.
19:06 of 2nd period - Shot Misses the Net.
19:10 of 2nd period - Shot by Daniel Briere.
19:10 of 2nd period - Stopped by Pekka Rinne without a rebound.
19:11 of 2nd period - T.J. Galiardi wins face-off versus Daniel Briere in Predators zone.
19:42 of 2nd period - Shot by Daniel Briere.
19:42 of 2nd period - Shot Misses the Net.
19:44 of 2nd period - Shot by Kevin Shattenkirk.
19:44 of 2nd period - Shot Misses the Net.

Period #3

0:01 of 3rd period - Daniel Briere wins face-off versus Paul Gaustad in neutral zone.
0:10 of 3rd period - Shot by Teemu Selanne.
0:10 of 3rd period - Stopped by Pekka Rinne with a rebound.
0:12 of 3rd period - Shot by Kevin Shattenkirk.
0:12 of 3rd period - Stopped by Pekka Rinne without a rebound.
0:13 of 3rd period - T.J. Galiardi wins face-off versus Olli Jokinen in Predators zone.
0:27 of 3rd period - Off-side.
0:28 of 3rd period - T.J. Galiardi wins face-off versus Daniel Briere in neutral zone.
1:19 of 3rd period - Shot by Marian Gaborik.
1:19 of 3rd period - Shot Misses the Net.
1:21 of 3rd period - Shot by Shea Weber.
1:21 of 3rd period - Stopped by Antti Niemi without a rebound.
1:22 of 3rd period - Steven Stamkos wins face-off versus Bryan Bickell in Avalanche zone.
1:37 of 3rd period - Kevin Shattenkirk is hit by Steven Stamkos and loses puck.
1:45 of 3rd period - Tomas Kopecky is hit by Jeff Woywitka.
1:51 of 3rd period - Shot by Bryan Bickell.
1:51 of 3rd period - Stopped by Pekka Rinne without a rebound.
1:52 of 3rd period - T.J. Galiardi wins face-off versus Daniel Briere in Predators zone.
1:52 of 3rd period - T.J. Galiardi is hit by Vinny Prospal.
2:18 of 3rd period - Shot by Patric Hornqvist.
2:18 of 3rd period - Stopped by Antti Niemi with a rebound.
3:08 of 3rd period - Shot by Mike Knuble.
3:08 of 3rd period - Shot Misses the Net.
3:10 of 3rd period - Shot by Justin Abdelkader.
3:10 of 3rd period - Stopped by Pekka Rinne without a rebound.
3:11 of 3rd period - Olli Jokinen wins face-off versus Steven Stamkos in Predators zone.
3:11 of 3rd period - Teemu Selanne is hit by Brent Burns.
3:22 of 3rd period - T.J. Oshie is hit by Brent Burns and loses puck.
3:25 of 3rd period - Shot by Teemu Selanne.
3:25 of 3rd period - Stopped by Pekka Rinne without a rebound.
3:26 of 3rd period - Paul Gaustad wins face-off versus Shawn Horcoff in Predators zone.
3:51 of 3rd period - Icing by Zbynek Michalek.
3:52 of 3rd period - Paul Gaustad wins face-off versus Justin Abdelkader in Predators zone.
3:58 of 3rd period - Icing by Tomas Kaberle.
3:59 of 3rd period - Paul Gaustad wins face-off versus Daniel Briere in Predators zone.
4:37 of 3rd period - Shot by Daniel Briere.
4:37 of 3rd period - Stopped by Pekka Rinne without a rebound.
4:38 of 3rd period - Steven Stamkos wins face-off versus Justin Abdelkader in Predators zone.
4:53 of 3rd period - Shot by Steven Stamkos.
4:53 of 3rd period - Shot Hit the Post.
4:57 of 3rd period - Shot by Jeff Carter.
4:57 of 3rd period - Stopped by Antti Niemi with a rebound.
5:01 of 3rd period - Shot by Steven Stamkos.
5:01 of 3rd period - Shot Misses the Net.
5:03 of 3rd period - Shot by Jeff Carter.
5:03 of 3rd period - Goal by Jeff Carter - Avalanche : 1 - Predators : 2.
5:04 of 3rd period - Olli Jokinen wins face-off versus Marian Gaborik in neutral zone.
5:44 of 3rd period - Shot by Teemu Selanne.
5:44 of 3rd period - Shot Blocked by Shea Weber.
5:57 of 3rd period - Icing by Cody Franson.
5:58 of 3rd period - Derek Stepan wins face-off versus T.J. Galiardi in Predators zone.
5:59 of 3rd period - Shot by Justin Abdelkader.
5:59 of 3rd period - Shot Misses the Net.
6:29 of 3rd period - Shot by Jeff Carter.
6:29 of 3rd period - Stopped by Antti Niemi with a rebound.
6:33 of 3rd period - Shot by Steven Stamkos.
6:33 of 3rd period - Stopped by Antti Niemi without a rebound.
6:34 of 3rd period - Vinny Prospal wins face-off versus Paul Gaustad in Avalanche zone.
6:48 of 3rd period - Shot by Simon Gagne.
6:48 of 3rd period - Shot Misses the Net.
6:50 of 3rd period - Shot by Simon Gagne.
6:50 of 3rd period - Shot Misses the Net.
6:52 of 3rd period - Shot by Zbynek Michalek.
6:52 of 3rd period - Stopped by Antti Niemi without a rebound.
6:53 of 3rd period - Shawn Horcoff wins face-off versus Steven Stamkos in Avalanche zone.
7:51 of 3rd period - Icing by Daniel Briere.
7:52 of 3rd period - Daniel Briere wins face-off versus Paul Gaustad in Avalanche zone.
8:54 of 3rd period - Shot by Derek Stepan.
8:54 of 3rd period - Shot Misses the Net.
8:58 of 3rd period - Shot by Derek Stepan.
8:58 of 3rd period - Stopped by Pekka Rinne without a rebound.
8:59 of 3rd period - Olli Jokinen wins face-off versus T.J. Galiardi in Predators zone.
8:59 of 3rd period - Olli Jokinen is hit by Shea Weber.
9:14 of 3rd period - Minor Penalty to Patric Hornqvist for Hooking.
9:15 of 3rd period - Olli Jokinen wins face-off versus Wayne Simmonds in Predators zone.
9:37 of 3rd period - Shot by John Carlson.
9:37 of 3rd period - Stopped by Pekka Rinne without a rebound.
9:38 of 3rd period - Daniel Briere wins face-off versus Paul Gaustad in Predators zone.
9:38 of 3rd period - Daniel Briere is hit by Braydon Coburn.
10:41 of 3rd period - Brent Burns is hit by Olli Jokinen and loses puck.
11:00 of 3rd period - Shea Weber is hit by T.J. Oshie and loses puck.
11:36 of 3rd period - Minor Penalty to Max Pacioretty for High sticking.
11:37 of 3rd period - Olli Jokinen wins face-off versus Steven Stamkos in Predators zone.
12:56 of 3rd period - John Carlson is hit by Milan Michalek and loses puck.
14:49 of 3rd period - Olli Jokinen is hit by Shea Weber and loses puck.
15:19 of 3rd period - Icing by Milan Hejduk.
15:20 of 3rd period - Paul Gaustad wins face-off versus Daniel Briere in Avalanche zone.
15:39 of 3rd period - Shot by Simon Gagne.
15:39 of 3rd period - Shot Misses the Net.
15:41 of 3rd period - Shot by Milan Michalek.
15:41 of 3rd period - Stopped by Antti Niemi without a rebound.
15:42 of 3rd period - Derek Stepan wins face-off versus Steven Stamkos in Avalanche zone.
17:06 of 3rd period - Shot by Daniel Briere.
17:06 of 3rd period - Stopped by Pekka Rinne without a rebound.
17:07 of 3rd period - Steven Stamkos wins face-off versus Olli Jokinen in Predators zone.
17:15 of 3rd period - Icing by Braydon Coburn.
17:16 of 3rd period - Olli Jokinen wins face-off versus Steven Stamkos in Predators zone.
17:25 of 3rd period - Shot by Olli Jokinen.
17:25 of 3rd period - Stopped by Pekka Rinne without a rebound.
17:26 of 3rd period - T.J. Galiardi wins face-off versus Daniel Briere in Predators zone.
17:30 of 3rd period - Off-side.
17:31 of 3rd period - Daniel Briere wins face-off versus Max Pacioretty in neutral zone.
17:45 of 3rd period - Shot by Milan Hejduk.
17:45 of 3rd period - Shot Misses the Net.
17:48 of 3rd period - Icing by Jeff Carter.
17:49 of 3rd period - Olli Jokinen wins face-off versus Steven Stamkos in Predators zone.
17:58 of 3rd period - Olli Jokinen is hit by Max Pacioretty and loses puck.
18:42 of 3rd period - Icing by Michael Sauer.
18:43 of 3rd period - Patric Hornqvist wins face-off versus Derek Stepan in Avalanche zone.
18:58 of 3rd period - Shot by Patric Hornqvist.
18:58 of 3rd period - Stopped by Antti Niemi without a rebound.
18:59 of 3rd period - T.J. Galiardi wins face-off versus Daniel Briere in Avalanche zone.
19:02 of 3rd period - Shot by Shea Weber.
19:02 of 3rd period - Stopped by Antti Niemi without a rebound.
19:03 of 3rd period - T.J. Galiardi wins face-off versus Daniel Briere in Avalanche zone.
19:04 of 3rd period - Shot by Marian Gaborik.
19:04 of 3rd period - Shot Misses the Net.
19:12 of 3rd period - Shot by Marian Gaborik.
19:12 of 3rd period - Shot Misses the Net.
19:14 of 3rd period - Shot by Marian Gaborik.
19:14 of 3rd period - Shot Blocked by Kevin Klein.
19:30 of 3rd period - Shot by Shea Weber.
19:30 of 3rd period - Shot Misses the Net.
19:46 of 3rd period - Shot by Jeff Carter.
19:46 of 3rd period - Deflect By Steven Stamkos.
19:46 of 3rd period - Stopped by Antti Niemi without a rebound.
19:47 of 3rd period - Olli Jokinen wins face-off versus T.J. Galiardi in Avalanche zone.
19:52 of 3rd period - Avalanche, Antti Niemi is pulled from the net.


Output by the SimonT Hockey Simulator (STHS) for Stephane Roy -- Original Page W3C XHTML 1.0 Valid